 Dungeon Crawl Stone Soup version 0.30-a0-824-g6c64550be9 (webtiles) character file.

Game seed: 16140124622558501048

163 qeuew the Sneak (level 5, -1/24 HPs)
             Began as a Spriggan Enchanter on Feb 27, 2023.
             Slain by Ijyb
             ... wielding a +4 club
              (4 damage)
             ... on level 3 of the Dungeon.
             The game lasted 00:03:17 (2373 turns).

qeuew the Sneak (Spriggan Enchanter)                Turns: 2373, Time: 00:03:18

Health: -1/24      AC:  3    Str:  8    XL:     5   Next: 20%
Magic:  11/11      EV: 18    Int: 15    God:
Gold:   194        SH:  0    Dex: 15    Spells: 9/11 levels left

rFire   . . .      SeeInvis +    a - +1 dagger (spect)
rCold   . . .      Faith    .    (no shield)
rNeg    + . .      Spirit   .    b - +1 robe
rPois   .          Reflect  .    (helmet restricted)
rElec   .          Harm     .    (no cloak)
rCorr   .          Rampage  .    (gloves unavailable)
Will    .....                    (boots unavailable)
Stlth   +++                      (no amulet)
HPRegen 0.24/turn                m - ring of positive energy
MPRegen 0.12/turn                (no ring)

@: very quick
A: very small, no large weapons, unfitting armour, see invisible, speed 3,
antennae 1, clumsy 1, strong 1
a: no special abilities


You were on level 3 of the Dungeon.
You visited 1 branch of the dungeon, and saw 3 of its levels.

You collected 194 gold pieces.

Inventory:

Hand Weapons
 a - a +1 spectral dagger (weapon)
Armour
 b - a +1 robe (worn)
Jewellery
 m - a ring of positive energy (left hand)
Wands
 j - a wand of charming (3)
Scrolls
 d - a scroll of identify
 n - 3 scrolls of enchant armour
Potions
 c - 2 potions of invisibility
 g - 5 potions of curing
 h - a potion of heal wounds
 k - a potion of brilliance


   Skills:
 * Level 3.0 Short Blades
 + Level 3.7 Dodging
 + Level 5.4 Stealth
 + Level 3.6 Spellcasting
 + Level 4.4 Hexes
 + Level 1.4 Evocations


You had 9 spell levels left.
You knew the following spells:

 Your Spells              Type           Power      Damage    Failure   Level
a - Ensorcelled Hibernat  Hex/Ice        18%        N/A       12%         2

Your spell library contained the following spells:

 Spells                   Type           Power      Damage    Failure   Level
 Confusing Touch          Hex            16%        N/A       9%          3
 Tukima's Dance           Hex            16%        N/A       9%          3
 Beastly Appendage        Tmut           4%         N/A       19%         1
 Dazzling Flash           Conj/Hex       18%        N/A       22%         3
 Wereblood                Tmut           2%         N/A       28%         2
 Spider Form              Tmut/Pois      2%         N/A       50%         3
 Summon Forest            Summ/Tloc      1%         N/A       99%         5
 Eringya's Noxious Bog    Tmut/Pois      1%         N/A       100%        6
 Summon Hydra             Summ           1%         N/A       100%        7


Dungeon Overview and Level Annotations

Branches:
Dungeon (3/15)

Altars:
Zin
The Shining One

Annotations:
D:3 Ijyb


Innate Abilities, Weirdness & Mutations

You are very small and have problems with some larger weapons.
You are too small for most types of armour.
You have supernaturally acute eyesight. (SInv)
You cover ground extremely quickly. (Speed+++)
You have a pair of small antennae on your head.
You are clumsy. (Dex -2)
Your muscles are strong. (Str +4, Int/Dex -1)


Message History

Ijyb is lightly wounded.
You barely miss Ijyb.
Ijyb is lightly wounded.
Ijyb barely misses you.
You bump into the rock wall.
You feel less confused. Ijyb hits you with a +4 club.
You hit Ijyb but do no damage.
Ijyb is lightly wounded.
Ijyb barely misses you.
You miss Ijyb.
Ijyb is lightly wounded.
Ijyb zaps a wand.
Your will is overpowered!
You are confused.
You closely miss Ijyb.
Ijyb is lightly wounded.
Ijyb hits you with a +4 club.
You hit Ijyb.
Ijyb is lightly wounded.
Ijyb zaps a wand.
You easily resist.
You bump into the rock wall.
Ijyb hits you with a +4 club!
You bump into the rock wall.
Ijyb completely misses you.
You're too confused to move!
Ijyb closely misses you.
You bump into the rock wall.
Ijyb zaps a wand.
Your will is overpowered!
You are more confused.
You bump into the rock wall.
Ijyb hits you with a +4 club.
* * * LOW HITPOINT WARNING * * *
You bump into the rock wall.
Ijyb hits you with a +4 club.
* * * LOW HITPOINT WARNING * * *
You bump into the rock wall.
Ijyb zaps a wand.
You easily resist.
You bump into the rock wall.
Ijyb screams, "Me stronger than you!"
You hit Ijyb but do no damage.
Ijyb is lightly wounded.
Ijyb completely misses you.
You bump into the rock wall.
You bump into the rock wall.
You feel less confused. Ijyb hits you with a +4 club.
You die...

# #.####### #.#
#>.
##.####........
#.###.#
........#######
##...##
##..........#
#...#
######.###.#
#.#.# #.#
#.##.#.#
########.#
.###.##.#.#
.......#g#
..........#
.......@.#
####.##.###
.#.#######.###
####.##.#
...### #.
........# ....#
## #######.##.#
....#
#.....)....#
#.#.#
#.#####<####
#.#.# #.# #)#
#.#.## ### #.#
#)# #<...##...#
#.# #)#


You could see Ijyb.

Vanquished Creatures
  Robin (D:3)
  7 adders
  A worm (D:2)
  2 dart slugs (D:1)
  4 ball pythons (D:1)
  4 endoplasms
  3 giant cockroaches
  8 hobgoblins
  4 jackals (D:2)
  A quokka (D:1)
  11 bats
  2 frilled lizards
  14 goblins
  9 kobolds
  14 rats
85 creatures vanquished.

Notes
Turn   | Place    | Note
-------+----------+-------------------------------------------
     0 | D:1      | qeuew the Spriggan Enchanter began the quest for the Orb.
     0 | D:1      | Reached XP level 1. HP: 9/9 MP: 5/5
   170 | D:1      | Reached XP level 2. HP: 13/13 MP: 6/6
   268 | D:1      | Learned a level 2 spell: Ensorcelled Hibernation
   578 | D:1      | Reached XP level 3. HP: 16/16 MP: 8/8
   882 | D:1      | Reached skill level 5 in Stealth
  1084 | D:1      | Gained mutation: Your muscles are strong. (Str +4, Int/Dex
                  | -1) [potion of mutation]
  1084 | D:1      | Gained mutation: You have a pair of small horns on your
                  | head. [potion of mutation]
  1443 | D:2      | Found a glowing golden altar of the Shining One.
  1502 | D:2      | Reached XP level 4. HP: 21/21 MP: 10/10
  1585 | D:2      | Reached skill level 1 in Evocations
  1757 | D:2      | Found a glowing silver altar of Zin.
  2019 | D:3      | Noticed Robin
  2043 | D:3      | Killed Robin
  2044 | D:3      | Reached XP level 5. HP: 8/24 MP: 8/11
  2044 | D:3      | Lost mutation: You have a pair of small horns on your head.
                  | [potion of mutation]
  2044 | D:3      | Lost mutation: Your muscles are strong. (Str +4, Int/Dex
                  | -1) [potion of mutation]
  2044 | D:3      | Gained mutation: You expend magic power (3 MP) to
                  | strengthen your wands. [potion of mutation]
  2044 | D:3      | Gained mutation: Your muscles are strong. (Str +4, Int/Dex
                  | -1) [potion of mutation]
  2044 | D:3      | Gained mutation: You are vulnerable to cold. (rC-) [potion
                  | of mutation]
  2044 | D:3      | Gained mutation: You are covered in fur. (AC +1) [potion of
                  | mutation]
  2045 | D:3      | Lost mutation: You are covered in fur. (AC +1) [potion of
                  | mutation]
  2045 | D:3      | Lost mutation: You expend magic power (3 MP) to strengthen
                  | your wands. [potion of mutation]
  2045 | D:3      | Lost mutation: You are vulnerable to cold. (rC-) [potion of
                  | mutation]
  2045 | D:3      | Gained mutation: You are clumsy. (Dex -2) [potion of
                  | mutation]
  2045 | D:3      | Gained mutation: You have a pair of small antennae on your
                  | head. [potion of mutation]
  2292 | D:3      | Found a faded altar of an unknown god.
  2345 | D:3      | Noticed Ijyb
  2373 | D:3      | Slain by Ijyb

Illustrated notes

Levels and vault maps discovered:
D:1:      evilmike_arrival_rings, layout_loops_corners, minmay_rat_gold_closets
D:2:      layout_loops_cross, basic_altar, hangedman_decor_lopped,
          minmay_misc_feat_hallway, minmay_hexomino_r4
D:3:      layout_loops_ring, lemuel_tele_altar,
          shapermc_ecumenical_altar_mp_vishouse, ebering_dispersal_statue_hall,
          minmay_rat_hole, uniq_robin, uniq_ijyb

Skill      XL: |  1  2  3  4  5 |
---------------+----------------+-----
Dodging        | 3 |  3.7
Spellcasting   | 3 |  3.6
Hexes          | 4 |  4.4
Short Blades   | 2 3 |  3.0
Stealth        | 5 |  5.4
Evocations     | 1 |  1.4

Action                     |  1- 3 |  4- 6 || total
---------------------------+-------+-------++-------
  Melee: Dagger            |   144 |    79 ||   223
         Punch             |     1 |     1 ||     2
         Headbutt          |     4 |    12 ||    16
   Cast: Ensorcelled Hiber |       |     2 ||     2
    Use: Potion            |     4 |     2 ||     6
         Scroll            |     3 |     5 ||     8
   Stab: Sleeping          |    26 |     8 ||    34
 Armour: Robe              |    20 |     8 ||    28
  Dodge: Dodged            |   124 |    63 ||   187

Table legend: (Time is in decaauts)
 A = Elapsed time spent in this place.
 B = Non-inter-level travel time spent in this place.
 C = Inter-level travel time spent in this place.
 D = Time resting spent in this place.
 E = Time spent auto-exploring this place.
 F = Levels seen in this place.
 G = Mean time per level.
                   A        B        C        D        E       F      G
               +--------+--------+--------+--------+--------+-----+--------+
         Total |   1600 |   1562 |     38 |     30 |   1094 |   3 |  533.3 |
       Dungeon |   1600 |   1562 |     38 |     30 |   1094 |   3 |  533.3 |
               +--------+--------+--------+--------+--------+-----+--------+

Top non-repeatable levels by time:
     D:1: 736 daAuts
     D:2: 577 daAuts
     D:3: 286 daAuts
